 Dungeon Crawl Stone Soup version 0.31-a0-358-gac0dbeb3ab (webtiles) character file.

Game seed: 14214429950730009376

3735 Gelion the Mimic (level 9, -13/89 HPs)
             Began as a Troll Shapeshifter on July 25, 2023.
             Was a Follower of Trog.
             Succumbed to Amaemon's poison
             ... on level 8 of the Dungeon.
             The game lasted 00:11:15 (5452 turns).

Gelion the Mimic (Troll Shapeshifter)               Turns: 5452, Time: 00:11:15

Health: -13/89     AC:  4    Str: 25    XL:     9   Next: 93%
Magic:  8/8        EV: 10    Int: 10    God:    Trog [*.....]
Gold:   308        SH:  0    Dex: 14    Spells: 8/8 levels left

rFire   . .          .
                       - Unarmed
rCold   . . .        (no shield)
rNeg    . . .        a - +0 animal skin
rPois   .            (helmet currently unavailable)
rElec   .            (cloak currently unavailable)
rCorr   .            (gloves unavailable)
SInv    .            (boots unavailable)
Will    .....        h - amulet of regeneration
Stlth   +            e - +6 ring of intelligence
HPRegen 1.94/turn    w - ring of flight
MPRegen 0.11/turn

%: no passive effects
@: lethally poisoned (-13 -> -56), beast-form, flying, slowed, very slow
A: beast (slay +6), large, unfitting armour, claws 3, regeneration 1, shaggy fur
1, tough skin 1
a: Begin Untransformation, Renounce Religion, Berserk


You were on level 8 of the Dungeon.
You worshipped Trog.
Trog was aware of your devotion.
You were a hulking beast.
You visited 2 branches of the dungeon, and saw 9 of its levels.
You also visited: Sewer.

You collected 308 gold pieces.

Inventory:

Missiles
 n - 4 silver javelins
 u - 4 large rocks
 x - a throwing net
Armour
 a - a +0 animal skin (worn)
 i - a +0 cloak
 l - a +0 tower shield
 z - +0 steam dragon scales
Jewellery
 e - a +6 ring of intelligence (left claw)
 h - an amulet of regeneration (around neck)
 s - a ring of protection from fire
 w - a ring of flight (right claw)
Talismans
 c - a beast talisman
Wands
 j - a wand of flame (34)
 m - a wand of roots (3)
 y - a wand of acid (9)
Scrolls
 d - a scroll of amnesia
 o - a scroll of enchant armour
 p - a scroll of blinking
Potions
 b - a potion of lignification
 f - 2 potions of ambrosia
 g - 4 potions of mutation
 k - a potion of brilliance
 q - a potion of haste
 r - a potion of cancellation
 t - a potion of enlightenment {unknown}
 v - a potion of attraction {unknown}
 A - a potion of invisibility {unknown}


   Skills:
 + Level 5.9 Fighting
 - Level 1.5 Dodging
 + Level 7.7 Unarmed Combat
 * Level 9.1 Shapeshifting


You had 8 spell levels left.
You didn't know any spells.
Your spell library contained the following spells:

 Spells                   Type           Power      Damage    Failure   Level
 Kiss of Death            Conj/Necr      0%         2d5       36%         1
 Scorch                   Fire           0%         2d5       50%         2
 Confusing Touch          Hex            0%         N/A       75%         3
 Gell's Gravitas          Tloc           0%         N/A       75%         3
 Ignite Poison            Fire/Tmut/Pois 0%         N/A       75%         3
 Teleport Other           Tloc           0%         N/A       75%         3
 Dispel Undead            Necr           0%         3d6       98%         4
 Flame Wave               Conj/Fire      0%         2d4       98%         4
 Olgreb's Toxic Radiance  Pois           0%         N/A       98%         4
 Alistair's Intoxication  Tmut/Pois      0%         N/A       100%        5
 Irradiate                Conj/Tmut      0%         3d11      100%        5
 Dispersal                Tloc           0%         N/A       100%        6
 Summon Cactus Giant      Summ           0%         N/A       100%        6


Dungeon Overview and Level Annotations

Branches:
Dungeon (8/15)             Temple (1/1) D:5           Sewer (visited)
   Lair: D:8-11

Altars:
Ashenzari
Cheibriados
Dithmenos
Elyvilon
Hepliaklqana
Kikubaaqudgha
Makhleb
Nemelex Xobeh
Okawaru
Sif Muna
Trog
Uskayaw
Vehumet
Wu Jian
Xom
Yredelemnul
Zin
The Shining One

Annotations:
D:8 Amaemon


Innate Abilities, Weirdness & Mutations

You are a hulking beast.
Your limbs bulge with bestial killing power. (Slay +6)
You are too large for most types of armour.
You have claws for hands.
Your natural rate of healing is unusually fast.
You are covered in fur. (AC +1)
You have tough skin. (AC +1)


Message History

The roots erupt in riotous growth!
Roots grab Amaemon.
Roots grab the bullfrog.
Roots grab the orange demon.
The grasping roots constrict Amaemon.
The grasping roots constrict the orange demon!
The grasping roots constrict the bullfrog!
You kill the bullfrog!
Trog accepts your kill.
You feel very sick.
Amaemon hits you with a +1 demon whip of venom!
You are more poisoned.
Amaemon claws you. Amaemon tail-slaps you! The orange demon stings you.
The orange demon misses you.
You scratch Amaemon.
Amaemon is moderately wounded.
The grasping roots constrict Amaemon!
The grasping roots constrict the orange demon!
You kill the orange demon!
Trog accepts your kill.
You feel very sick.
Amaemon hits you with a +1 demon whip of venom!
* * * LOW HITPOINT WARNING * * *
You are more poisoned.
Amaemon claws you.
* * * LOW HITPOINT WARNING * * *
Amaemon tail-slaps you.
* * * LOW HITPOINT WARNING * * *
You are lethally poisoned!
Amaemon poisons you!
Amaemon hits you with a +1 demon whip of venom!
* * * LOW HITPOINT WARNING * * *
You are more poisoned.
Amaemon claws you.
* * * LOW HITPOINT WARNING * * *
Amaemon misses you.
Your Shapeshifting skill increases to level 9!
Blink to where?
Press: ? - help, Dir - move target, p - Amaemon
As you read the scroll of blinking, it crumbles to dust.
The grasping roots constrict Amaemon!
You die...

### #..##
##....##
##......##
##........#
##.........#
##...........
#...?h.......
#............
#............
#............
##...........
#<..ยง.......
#...6.......
#...........
##..........


You could see Amaemon (rooted).

Vanquished Creatures
  A manticore (D:6)
  A cyclops (D:6)
  An orange demon (D:8)
  A steam dragon (D:7)
  A water moccasin (D:7)
  Edmund (D:5)
  Duvessa (D:6)
  An ice beast (D:7)
  A sky beast (D:7)
  An orc warrior (D:6)
  2 black bears
  3 ogres (D:5)
  A phantom (D:7)
  5 bullfrogs
  3 scorpions
  Dowan (D:6)
  2 gnoll boudas (D:7)
  7 hounds
  Crazy Yiuf (D:5)
  4 jellies
  3 iguanas
  A sleepcap (D:7)
  4 orc wizards
  9 gnolls
  8 adders
  2 river rats (D:5)
  3 white imps
  4 ufetubi
  4 worms
  A dart slug (D:1)
  16 orcs
  7 endoplasms
  12 giant cockroaches
  4 goblins
  8 hobgoblins
  3 jackals (D:5)
  8 quokkas
  11 ball pythons
  7 bats
  11 frilled lizards
  4 kobolds
  5 rats
174 creatures vanquished.

Vanquished Creatures (others)
  A butterfly (D:7)
1 creature vanquished.

Grand Total: 175 creatures vanquished

Notes
Turn   | Place    | Note
-------+----------+-------------------------------------------
     0 | D:1      | Gelion the Troll Shapeshifter began the quest for the Orb.
     0 | D:1      | Reached XP level 1. HP: 18/18 MP: 0/0
    52 | D:1      | Reached skill level 1 in Fighting
    64 | D:1      | Got Collayre's Thoughts on the Remoulded Cure
   155 | D:1      | Reached XP level 2. HP: 27/27 MP: 1/1
   659 | D:2      | Reached XP level 3. HP: 33/33 MP: 2/2
   836 | D:2      | Found a faded altar of an unknown god.
  1260 | D:3      | Reached XP level 4. HP: 41/41 MP: 3/3
  1688 | D:4      | Noticed a scorpion
  1691 | D:4      | Found a hide-covered altar of Uskayaw.
  1699 | D:4      | Killed a scorpion
  1700 | D:4      | Reached skill level 4 in Shapeshifting
  1717 | D:4      | Found a broken altar of Ashenzari.
  1720 | D:4      | Found a snail-covered altar of Cheibriados.
  1720 | D:4      | Found an ancient bone altar of Kikubaaqudgha.
  1737 | D:4      | Found a shimmering blue altar of Sif Muna.
  1783 | D:4      | Reached XP level 5. HP: 49/49 MP: 4/4
  2376 | D:5      | Entered Level 5 of the Dungeon
  2376 | D:5      | Noticed an ogre
  2382 | D:5      | Killed an ogre
  2383 | D:5      | Reached XP level 6. HP: 32/59 MP: 5/5
  2489 | D:5      | Reached skill level 5 in Shapeshifting
  2619 | D:5      | Found a glowing drain.
  2630 | Sewer    | Entered a sewer
  2702 | Sewer    | Reached XP level 7. HP: 66/66 MP: 6/6
  3148 | D:5      | Reached skill level 5 in Unarmed Combat
  3248 | D:5      | Reached skill level 6 in Shapeshifting
  3313 | D:5      | Found a runed translucent door.
  3314 | D:5      | Noticed Crazy Yiuf
  3405 | D:5      | Killed Crazy Yiuf
  3508 | D:5      | Reached XP level 8. HP: 76/78 MP: 7/7
  3546 | D:5      | Found a staircase to the Ecumenical Temple.
  3637 | Temple   | Entered the Ecumenical Temple
  3680 | Temple   | Became a worshipper of Trog the Wrathful
  3728 | D:6      | Noticed Edmund
  3758 | D:5      | Killed Edmund
  3952 | D:6      | Noticed Dowan
  3953 | D:6      | Noticed Duvessa
  3959 | D:6      | Killed Duvessa
  3971 | D:6      | Killed Dowan
  4050 | D:6      | Reached skill level 7 in Shapeshifting
  4054 | D:6      | Found a basalt altar of Yredelemnul.
  4410 | D:6      | Noticed a manticore
  4412 | D:6      | Noticed a cyclops
  4417 | D:6      | Killed a manticore
  4418 | D:6      | Reached XP level 9. HP: 42/87 MP: 8/8
  4449 | D:6      | Killed a cyclops
  4450 | D:6      | Reached skill level 5 in Fighting
  4450 | D:6      | Reached skill level 8 in Shapeshifting
  4567 | D:6      | Identified the +0 pair of boots of Zeukuukh {rF- Will++}
  4667 | D:7      | Reached * piety under Trog
  4688 | D:7      | Identified the +10 long sword "Widowmaker" {drain, rN+
                  | SInv}
  5007 | D:7      | Found a white marble altar of Elyvilon.
  5441 | D:8      | Noticed Amaemon
  5441 | D:8      | Noticed an orange demon
  5451 | D:8      | Killed an orange demon
  5451 | D:8      | HP: 4/89 [Amaemon/+1 demon whip of venom (2)]
  5452 | D:8      | Reached skill level 9 in Shapeshifting
  5452 | D:8      | Succumbed to Amaemon's poison

Illustrated notes

Levels and vault maps discovered:
D:1:      minmay_arrival_radiant_lines, layout_loops_ring, minmay_ruptured
D:2:      layout_rooms, shapermc_ecumenical_altar_gd
D:3:      layout_rooms
D:4:      layout_basic, minmay_overflow_temple_star_hex
D:5:      layout_rooms, minmay_temple_entry_nine_rooms, portal_sewer_entry_e,
          hangedman_abyss_or_decor_slice, uniq_crazy_yiuf_cottage
D:6:      minmay_chambers_of_sixes, layout_cave_pods, yredelemnul_altar_generic,
          st_stairs_12, uniq_edmund, uniq_duvessa
D:7:      layout_gridville, nicolae_elyvilon_peaceful_grove
D:8:      layout_cave_pods, grunt_qazlal_clouds, erik_lair_orcish_takeover,
          kennysheep_generic_room_12, uniq_joseph, uniq_amaemon
Temple:   hellmonk_temple_of_storms

Skill      XL: |  1  2  3  4  5  6  7  8  9 |
---------------+----------------------------+-----
Fighting       | 1 2 3 4 5 |  5.9
Shapeshifting  | 4 5 6 7 9 |  9.1
Unarmed Combat | 4 5 6 7 |  7.7
Dodging        | |  1.5

Action                     |  1- 3 |  4- 6 |  7- 9 || total
---------------------------+-------+-------+-------++-------
  Melee: Unarmed           |    81 |   134 |   208 ||   423
         Punch             |       |     1 |    12 ||    13
  Evoke: Wand              |       |       |     5 ||     5
    Use: Scroll            |     3 |     8 |     7 ||    18
         Potion            |       |       |     1 ||     1
   Stab: Sleeping          |     1 |     1 |     1 ||     3
 Armour: Animal skin       |    22 |    47 |    48 ||   117
  Dodge: Dodged            |    28 |    98 |   120 ||   246

Table legend: (Time is in decaauts)
 A = Elapsed time spent in this place.
 B = Non-inter-level travel time spent in this place.
 C = Inter-level travel time spent in this place.
 D = Time resting spent in this place.
 E = Time spent auto-exploring this place.
 F = Levels seen in this place.
 G = Mean time per level.
                   A        B        C        D        E       F      G
               +--------+--------+--------+--------+--------+-----+--------+
         Total |   5412 |   5050 |    362 |     25 |   3774 |  10 |  541.2 |
       Dungeon |   4886 |   4573 |    313 |     25 |   3571 |   8 |  610.8 |
        Temple |     54 |      5 |     49 |      0 |      0 |   1 |   54.0 |
         Sewer |    471 |    471 |      0 |      0 |    203 |   1 |  471.0 |
               +--------+--------+--------+--------+--------+-----+--------+

Top non-repeatable levels by time:
     D:4: 890 daAuts
     D:5: 851 daAuts
     D:6: 840 daAuts
     D:7: 816 daAuts
     D:1: 640 daAuts
   Sewer: 471 daAuts
     D:2: 459 daAuts
     D:3: 375 daAuts
  Temple: 54 daAuts
     D:8: 11 daAuts
